 Dungeon Crawl Stone Soup version 0.28-a0-1447-ga5a8893891 (webtiles) character file.

Game seed: 10978585575215614278

4419 derath95 the Digger (level 10, -4/81 HPs)
             Began as a Red Draconian Earth Elementalist on Jan 10, 2022.
             Slain by a seven-headed hydra (7 damage)
             ... on level 1 of the Lair of Beasts.
             The game lasted 00:41:33 (9130 turns).

derath95 the Digger (DrEE)                          Turns: 9130, Time: 00:41:34

Health: -4/81      AC: 10    Str: 11    XL:     10   Next: 14%
Magic:  6/20       EV: 12    Int: 32    God:
Gold:   530        SH:  0    Dex: 13    Spells: 16/22 levels left

rFire   + . .      SeeInvis .   p - +3 dire flail
rCold   . . .      Faith    .   (shield currently unavailable)
rNeg    . . .      Spirit   .   (armour unavailable)
rPois   .          Reflect  .   n - +1 hat
rElec   .          Harm     .   (no cloak)
rCorr   .          Rampage  .   i - +1 pair of gloves
Will    .....                   (no boots)
Stlth   ++........              (no amulet)
HPRegen 0.23/turn               A - +6 ring of intelligence
MPRegen 0.17/turn               x - +6 ring of intelligence

@: short of breath
A: breathe fire, AC +7, unfitting armour, fire resistance 1, cold-blooded, agile
1, noise suppression
a: Breathe Fire


You were on level 1 of the Lair of Beasts.
You visited 3 branches of the dungeon, and saw 11 of its levels.

You collected 530 gold pieces.

Inventory:

Hand Weapons
 p - a +3 dire flail (weapon)
Missiles
 b - 53 stones
Armour
 i - a +1 pair of gloves (worn)
 n - a +1 hat (worn)
Jewellery
 k - a ring of protection from cold
 o - a +6 ring of dexterity
 r - an amulet of faith
 x - a +6 ring of intelligence (right hand)
 y - a +4 ring of protection
 A - a +6 ring of intelligence (left hand)
Wands
 g - a wand of paralysis (5)
 j - a wand of digging (3)
 u - a wand of acid (11)
 B - a wand of flame (7)
Scrolls
 a - 4 scrolls of teleportation
 l - 2 scrolls of fear
 q - a scroll of immolation
 t - a scroll of summoning
 z - a scroll of magic mapping
Potions
 c - a potion of ambrosia
 d - a potion of might
 e - a potion of curing
 f - 2 potions of mutation
 h - 2 potions of lignification
 m - 2 potions of flight
 v - a potion of magic {unknown}
 w - 2 potions of invisibility


   Skills:
 + Level 5.1 Fighting
 + Level 4.6 Maces & Flails
 - Level 1.7 Dodging
 - Level 1.7 Stealth
 + Level 6.8 Spellcasting
 + Level 4.5 Conjurations
 + Level 4.9 Transmutations
 + Level 7.7 Earth Magic
 + Level 4.5 Evocations


You had 16 spell levels left.
You knew the following spells:

 Your Spells              Type           Power      Damage    Failure   Level
a - Sandblast             Erth           100%       2d20      1%          1
b - Passwall              Tmut/Erth      42%        N/A       1%          2
c - Stone Arrow           Conj/Erth      100%       3d13      1%          3

Your spell library contained the following spells:

 Spells                   Type           Power      Damage    Failure   Level
 Magic Dart               Conj           100%       1d8       1%          1
 Petrify                  Tmut/Erth      51%        N/A       3%          4
 Animate Skeleton         Necr           20%        N/A       4%          1
 Freeze                   Ice            40%        1d6       4%          1
 Pain                     Necr           40%        1d6       4%          1
 Slow                     Hex            40%        N/A       4%          1
 Call Imp                 Summ           10%        N/A       6%          2
 Mephitic Cloud           Conj/Pois/Air  20%        N/A       7%          3
 Confusing Touch          Hex            10%        N/A       13%         3
 Frozen Ramparts          Ice            20%        1d4       13%         3
 Vampiric Draining        Necr           10%        2d6       13%         3
 Ice Form                 Ice/Tmut       26%        N/A       16%         4
 Hailstorm                Conj/Ice       25%        3d7       17%         4
 Summon Lightning Spire   Summ/Air       10%        N/A       38%         4
 Simulacrum               Ice/Necr       5%         N/A       100%        6
 Storm Form               Tmut/Air       13%        N/A       100%        7
 Maxwell's Capacitive Co  Air            5%         ∞         100%        8


Dungeon Overview and Level Annotations

Branches:
Dungeon (9/15)             Temple (1/1) D:4            Lair (1/6) D:8
    Orc: D:9-12

Altars:
Ashenzari
Cheibriados
Dithmenos
Elyvilon
Fedhas
Gozag
Hepliaklqana
Kikubaaqudgha
Makhleb
Nemelex Xobeh
Okawaru
Qazlal
Ru
Sif Muna
Trog
Uskayaw
Wu Jian
Xom
Yredelemnul
Zin
The Shining One

Shops:
D:3 =

Portals:
Abyss: D:9

Annotations:
D:9 2 transporters, ASSMAN's ghost, journeyman GnIE


Innate Abilities, Weirdness & Mutations

You can breathe blasts of fire.
Your fiery red scales are hard. (AC +7)
You cannot fit into any form of body armour.
Your flesh is heat resistant. (rF+)
You are cold-blooded and may be slowed by cold attacks.
You are agile. (Dex +2)
You passively dampen the noise of your surroundings.


Message History

The seven-headed hydra bites you!
* * * LOW HITPOINT WARNING * * *
The seven-headed hydra bites you but does no damage.
The wolf is engulfed in blazing flames.
You feel much better.
The wolf is engulfed in blazing flames.
You kill the wolf!
The seven-headed hydra bites you but does no damage.
The seven-headed hydra barely misses you.
The seven-headed hydra misses you. The seven-headed hydra bites you.
* * * LOW HITPOINT WARNING * * *
The seven-headed hydra bites you but does no damage.
The seven-headed hydra barely misses you.
The seven-headed hydra closely misses you.
Hit: p) +3 dire flail
Press: ? - help, Dir - move target, f/p - seven-headed hydra
Aim: a seven-headed hydra (heavily wounded, about 22% to evade your +3 dire flail)
Okay, then.
Aiming: Paralyse
Press: ? - help, Shift-Dir - straight line, f/p - seven-headed hydra
Aim: a seven-headed hydra (heavily wounded, chance to affect: 26%)
The seven-headed hydra easily resists.
The seven-headed hydra bites you!
* * * LOW HITPOINT WARNING * * *
The seven-headed hydra barely misses you.
The seven-headed hydra bites you.
* * * LOW HITPOINT WARNING * * *
The seven-headed hydra bites you but does no damage.
The seven-headed hydra bites you.
* * * LOW HITPOINT WARNING * * *
The seven-headed hydra bites you but does no damage.
The seven-headed hydra barely misses you.
Aiming: Corrosive Bolt
Press: ? - help, Shift-Dir - straight line, f/p - seven-headed hydra
Aim: a seven-headed hydra (heavily wounded, 91% to hit)
The bolt of acid hits the seven-headed hydra!
The acid corrodes the seven-headed hydra!
The seven-headed hydra is severely wounded.
The seven-headed hydra barely misses you.
The seven-headed hydra bites you but does no damage.
The seven-headed hydra bites you!
You die...

##....##.## ##......#..#
##.......P..# ......
#...........# #.....
##.........#.# ##....
...........#.# .....
..........##☼## #...
............hD### #..
...........###@.### ####..
.P.........####...### ####..#..
.............###....###.......#
.............# ####....^.######
.............# #..#####
.....).†......# #..#
.............## #..##
.............# #P.## #
............## #..


You could see a seven-headed hydra (corroded) and a wolf.

Vanquished Creatures
  A shadow (D:6)
  Sigmund (D:7)
  3 wargs (D:8)
  An acid dragon (D:9)
  2 water moccasins
  5 ogres
  6 wolves (Lair:1)
  3 phantoms
  2 centaurs (D:9)
  A kobold brigand (D:9)
  A wyvern zombie (D:6)
  3 bullfrogs
  A wyvern skeleton (D:5)
  3 water moccasin skeletons
  12 wights
  7 killer bees
  2 howler monkeys (D:9)
  5 hounds
  2 orc priests
  A gnoll shaman (D:7)
  A centaur zombie (D:5)
  3 iguanas
  9 orc wizards
  A howler monkey zombie (D:7)
  4 gnolls
  2 adders
  A shadow imp (D:8)
  4 white imps
  An adder skeleton (D:5)
  2 worms
  3 dart slugs
  18 orcs
  4 ball pythons
  6 endoplasms
  3 giant cockroaches
  6 goblins
  7 hobgoblins
  11 jackals
  8 kobolds
  4 quokkas
  4 bats
  2 frilled lizards (D:3)
  6 rats
172 creatures vanquished.

Vanquished Creatures (others)
  A fungus (Lair:1)
  A plant (Lair:1)
2 creatures vanquished.

Grand Total: 174 creatures vanquished

Notes
Turn   | Place    | Note
-------+----------+-------------------------------------------
     0 | D:1      | derath95 the Draconian Earth Elementalist began the quest
                  | for the Orb.
     0 | D:1      | Reached XP level 1. HP: 14/14 MP: 3/3
   173 | D:1      | Reached XP level 2. HP: 18/20 MP: 5/5
   307 | D:1      | Found a faded altar of an unknown god.
   755 | D:2      | Reached XP level 3. HP: 6/26 MP: 0/7
   758 | D:2      | HP: 1/26 [poisoned by an adder]
   823 | D:2      | You fall into a shaft and drop 1 floor!
  1101 | D:3      | Found Hiyrphiz's Jewellery Shoppe.
  1321 | D:2      | Reached skill level 4 in Earth Magic
  1637 | D:2      | Found a basalt altar of Yredelemnul.
  1674 | D:2      | Learned a level 2 spell: Passwall
  1678 | D:2      | Learned a level 3 spell: Stone Arrow
  1847 | D:2      | Gained mutation: You passively dampen the noise of your
                  | surroundings. [potion of mutation]
  1847 | D:2      | Gained mutation: You are agile. (Dex +2) [potion of
                  | mutation]
  1944 | D:3      | Found an ancient bone altar of Kikubaaqudgha.
  2048 | D:3      | Noticed an ogre
  2056 | D:3      | Killed an ogre
  2057 | D:3      | Reached XP level 4. HP: 33/33 MP: 2/9
  2057 | D:3      | Reached XP level 5. HP: 38/38 MP: 2/10
  2526 | D:4      | Reached skill level 5 in Earth Magic
  2584 | D:4      | Reached XP level 6. HP: 30/45 MP: 10/12
  2694 | D:4      | Found an opulent altar of Gozag.
  2730 | D:4      | Found a staircase to the Ecumenical Temple.
  2736 | Temple   | Entered the Ecumenical Temple
  3201 | D:4      | Reached skill level 5 in Spellcasting
  3415 | D:4      | Reached skill level 6 in Earth Magic
  3731 | D:5      | Entered Level 5 of the Dungeon
  3740 | D:5      | Your scales start taking on a fiery red colour.
  3740 | D:5      | Reached XP level 7. HP: 50/50 MP: 9/14
  3740 | D:5      | Gained mutation: Your flesh is heat resistant. (rF+) [Red
                  | Draconian growth]
  3929 | D:5      | Reached skill level 1 in Fighting
  3929 | D:5      | Reached skill level 1 in Maces & Flails
  3929 | D:5      | Reached skill level 1 in Conjurations
  3929 | D:5      | Reached skill level 1 in Evocations
  4554 | D:6      | Reached XP level 8. HP: 43/61 MP: 9/16
  4946 | D:6      | Found a shadowy altar of Dithmenos.
  5162 | D:6      | Found an iron altar of Okawaru.
  5162 | D:6      | Found a glowing silver altar of Zin.
  6138 | D:7      | Noticed Sigmund
  6145 | D:7      | Killed Sigmund
  6146 | D:7      | Reached XP level 9. HP: 70/70 MP: 14/18
  6272 | D:8      | Reached skill level 7 in Earth Magic
  6735 | D:8      | Found a staircase to the Lair.
  8429 | D:9      | Found a transporter.
  8440 | D:9      | Noticed a worldbinder
  8444 | D:9      | Noticed a toenail golem
  8495 | D:9      | Noticed a sixfirhy
  8506 | D:9      | Noticed a toenail golem
  8512 | D:9      | Found a transporter.
  8517 | D:9      | Noticed a skeletal warrior
  8529 | D:9      | Found a one-way gate to the infinite horrors of the Abyss.
  8529 | D:9      | Noticed ASSMAN's ghost (journeyman GnIE)
  8933 | Lair:1   | Entered Level 1 of the Lair of Beasts
  9056 | Lair:1   | Reached XP level 10. HP: 80/80 MP: 13/20
  9100 | Lair:1   | Reached skill level 5 in Fighting
  9111 | Lair:1   | Noticed a seven-headed hydra
  9127 | Lair:1   | HP: 4/81 [seven-headed hydra (12)]
  9130 | Lair:1   | Slain by a seven-headed hydra

Illustrated notes

Levels and vault maps discovered:
D:1:      dpeg_arrival_water_fire, layout_basic, ebering_ecumenical_altar_webs,
          dk_noncrumbling_3
D:2:      layout_rooms, basic_altar, guppyfry_early_orc_mine
D:3:      layout_basic, mainiacjoe_overflow_brackets, serial_shops, shop
D:4:      layout_layer_cave, mainiacjoe_overflow_boulevard,
          minmay_temple_entry_hall, minmay_pentangle
D:5:      layout_basic
D:6:      layout_basic, nicolae_dithmenos_the_darkroom,
          gammafunk_temple_overflow_elements
D:7:      layout_rooms, sigmund_army
D:8:      layout_basic, erik_lair_orcish_takeover
D:9:      layout_roguey, gammafunk_ghost_abyssal_escape
Temple:   eino_temple_rhombus
Lair:1:   layout_cave_pods, lemuel_fruit_fields

Skill      XL: |  1  2  3  4  5  6  7  8  9 10 |
---------------+-------------------------------+-----
Spellcasting   | 3 4 5 6 |  6.8
Earth Magic    | 4 5 6 7 |  7.7
Fighting       | 2 3 4 5 |  5.1
Maces & Flails | 1 3 4 |  4.6
Conjurations   | 1 3 4 |  4.5
Evocations     | 1 3 4 |  4.5
Transmutations | 2 3 4 |  4.9
Dodging        | |  1.7
Stealth        | |  1.7

Action                   |  1- 3 |  4- 6 |  7- 9 | 10-12 || total
-------------------------+-------+-------+-------+-------++-------
Melee: Unarmed           |    30 |       |       |       ||    30
       Tailslap          |    15 |     6 |     6 |       ||    27
       Short sword       |    72 |    36 |    17 |       ||   125
       Punch             |       |     1 |       |       ||     1
       Dire flail        |       |       |    34 |     7 ||    41
 Cast: Sandblast         |    35 |    42 |   111 |     1 ||   189
       Stone Arrow       |       |       |    78 |     6 ||    84
 Abil: Breathe Fire      |       |       |     2 |     1 ||     3
Evoke: Wand              |       |       |       |     2 ||     2
  Use: Scroll            |     6 |     4 |     3 |     2 ||    15
       Potion            |     5 |       |     1 |     1 ||     7
 Stab: Sleeping          |     1 |       |       |       ||     1
Armor: Skin              |    41 |    19 |    34 |    15 ||   109
Dodge: Dodged            |    76 |    26 |    81 |    16 ||   199

Table legend: (Time is in decaauts)
 A = Elapsed time spent in this place.
 B = Non-inter-level travel time spent in this place.
 C = Inter-level travel time spent in this place.
 D = Time resting spent in this place.
 E = Time spent auto-exploring this place.
 F = Levels seen in this place.
 G = Mean time per level.
                   A        B        C        D        E       F      G
               +--------+--------+--------+--------+--------+-----+--------+
         Total |   9147 |   8820 |    327 |    340 |   6402 |  11 |  831.5 |
       Dungeon |   8792 |   8479 |    313 |    340 |   6125 |   9 |  976.9 |
        Temple |    157 |    143 |     14 |      0 |    130 |   1 |  157.0 |
          Lair |    197 |    197 |      0 |      0 |    147 |   1 |  197.0 |
               +--------+--------+--------+--------+--------+-----+--------+

Top non-repeatable levels by time:
     D:8: 1760 daAuts
     D:4: 1147 daAuts
     D:6: 1098 daAuts
     D:9: 945 daAuts
     D:3: 892 daAuts
     D:2: 869 daAuts
     D:5: 731 daAuts
     D:1: 678 daAuts
     D:7: 667 daAuts
  Lair:1: 197 daAuts
  Temple: 157 daAuts
